3AA
ATLANTIC CITY SONICS @ OTTAWA NATIONALS
09/15/2026
 
TOP OF THE 1ST
Atlantic City Sonics batting - Pitching for Ottawa Nationals : LHP George Eisenhauer
Pitching: LHP George Eisenhauer
Batting: LHB Manoo Satyavrat 0-0: Ball
1-0: Called Strike
1-1: Called Strike
1-2: Ball
2-2: Strikes out swinging
Batting: RHB Brady Bess 0-0: Ground out U3 (Groundball, 34)
Batting: LHB José Rodríguez 0-0: Ball
1-0: Ball
2-0: Called Strike
2-1: Foul Ball, location: 2F
2-2: Ball
3-2: Strikes out swinging
Top of the 1st over - 0 run(s), 0 hit(s), 0 error(s), 0 left on base; Atlantic City 0 - Ottawa 0
BOTTOM OF THE 1ST
Ottawa Nationals batting - Pitching for Atlantic City Sonics : RHP Elroy Thompkins
Pitching: RHP Elroy Thompkins
Batting: LHB Ruben Yim 0-0: Swinging Strike
0-1: Foul Ball, location: 2F
0-2: Ball
1-2: Ball
2-2: Ground out 1-3 (Groundball, 15S)
Batting: RHB Juan Román 0-0: Ball
1-0: Ball
2-0: Ball
3-0: Base on Balls
Batting: RHB Brandon Carroll 0-0: Ball
1-0: Ball
2-0: Foul Ball, location: 2F
2-1: Ball
3-1: Base on Balls
Juan Román to second
Batting: LHB Javier Hernández 0-0: Swinging Strike
0-1: Ball
1-1: Ball
2-1: Foul Ball, location: 2F
2-2: Ball
3-2: Fielders Choice at 2nd, 3-6 (Groundball, 34)
Juan Román to third
Batting: RHB Henry Mann 0-0: Fly out, F7 (Flyball, 7)
Bottom of the 1st over - 0 run(s), 0 hit(s), 0 error(s), 2 left on base; Atlantic City 0 - Ottawa 0
TOP OF THE 2ND
Atlantic City Sonics batting - Pitching for Ottawa Nationals : LHP George Eisenhauer
Batting: RHB Felipe Bruno 0-0: Ball
1-0: Fly out, F6 (Popup, 6MD)
Batting: SHB Phil Moore 0-0: Ball
1-0: Ball
2-0: Ground out 5-3 (Groundball, 5)
Batting: SHB Sam Quint 0-0: Ball
1-0: Called Strike
1-1: Ball
2-1: Fly out, F8 (Flyball, 8RS)
Top of the 2nd over - 0 run(s), 0 hit(s), 0 error(s), 0 left on base; Atlantic City 0 - Ottawa 0
BOTTOM OF THE 2ND
Ottawa Nationals batting - Pitching for Atlantic City Sonics : RHP Elroy Thompkins
Batting: RHB Vincente Fuentes 0-0: Called Strike
0-1: Foul Ball, location: 2F
0-2: Fly out, F9 (Line Drive, 9)
Batting: RHB Warren Martin 0-0: Ball
1-0: Ball
2-0: Called Strike
2-1: Foul Ball, location: 2F
2-2: Ball
3-2: Ground out 4-3 (Groundball, 4)
Batting: RHB Markus Thompson 0-0: Called Strike
0-1: Ball
1-1: Foul Ball, location: 2F
1-2: Strikes out swinging
Bottom of the 2nd over - 0 run(s), 0 hit(s), 0 error(s), 0 left on base; Atlantic City 0 - Ottawa 0
TOP OF THE 3RD
Atlantic City Sonics batting - Pitching for Ottawa Nationals : LHP George Eisenhauer
Batting: RHB Kent Summey 0-0: Ball
1-0: Foul Ball, location: 2F
1-1: Foul Ball, location: 2F
1-2: Fly out, F4 (Line Drive, 4)
Batting: RHB Senior Pond 0-0: SINGLE (Groundball, 56D)
Batting: RHB José López 0-0: Ball
1-0: Ball
2-0: SINGLE (Line Drive, 7S)
Senior Pond to second
Batting: LHB Manoo Satyavrat 0-0: Ball
1-0: Ball
2-0: Foul Ball, location: 2F
2-1: Ball
3-1: Foul Ball, location: 2F
3-2: Base on Balls
Senior Pond to third
José López to second
Batting: RHB Brady Bess 0-0: Called Strike
0-1: Swinging Strike
0-2: Reaches on Catchers interference
Senior Pond scores
José López to third
Manoo Satyavrat to second
Batting: LHB José Rodríguez 0-0: Ball
1-0: Foul Ball, location: 2F
1-1: Called Strike
1-2: Foul Ball, location: 2F
1-2: Ball
2-2: Strikes out swinging
Batting: RHB Felipe Bruno 0-0: Ball
1-0: Fly out, F7 (Flyball, 78D)
Top of the 3rd over - 1 run(s), 2 hit(s), 1 error(s), 3 left on base; Atlantic City 1 - Ottawa 0
BOTTOM OF THE 3RD
Ottawa Nationals batting - Pitching for Atlantic City Sonics : RHP Elroy Thompkins
Batting: RHB Duane Wills 0-0: Bunt for hit - play at first, batter OUT! 1-3
Batting: LHB Ruben Yim 0-0: Ball
1-0: Ball
2-0: Called Strike
2-1: Ball
3-1: Swinging Strike
3-2: Foul Ball, location: 2F
3-2: Ground out 4-3 (Groundball, 4)
Batting: RHB Juan Román 0-0: Called Strike
0-1: Ball
1-1: Ball
2-1: Ground out 1-3 (Groundball, P)
Bottom of the 3rd over - 0 run(s), 0 hit(s), 0 error(s), 0 left on base; Atlantic City 1 - Ottawa 0
TOP OF THE 4TH
Atlantic City Sonics batting - Pitching for Ottawa Nationals : LHP George Eisenhauer
Batting: SHB Phil Moore 0-0: Foul Ball, location: 2F
0-1: Ball
1-1: Called Strike
1-2: Ground out 1-3 (Groundball, 13)
Batting: SHB Sam Quint 0-0: Ball
1-0: Swinging Strike
1-1: Swinging Strike
1-2: Ball
2-2: Foul Ball, location: 2F
2-2: Ground out 5-3 (Groundball, 56S)
Batting: RHB Kent Summey 0-0: Foul Ball, location: 2F
0-1: Swinging Strike
0-2: Ball
1-2: Ball
2-2: Ball
3-2: Foul Ball, location: 2F
3-2: Base on Balls
Batting: RHB Senior Pond 0-0: Swinging Strike
0-1: Ball
1-1: Ball
2-1: SINGLE (Line Drive, 6)
Kent Summey to second
Batting: RHB José López 0-0: Called Strike
0-1: Ball
1-1: Foul Ball, location: 2F
1-2: Foul Ball, location: 2F
1-2: Foul Ball, location: 2F
1-2: Ground out 6-3 (Groundball, 56)
Top of the 4th over - 0 run(s), 1 hit(s), 0 error(s), 2 left on base; Atlantic City 1 - Ottawa 0
BOTTOM OF THE 4TH
Ottawa Nationals batting - Pitching for Atlantic City Sonics : RHP Elroy Thompkins
Batting: RHB Brandon Carroll 0-0: Called Strike
0-1: Fly out, F7 (Flyball, 78D)
Batting: LHB Javier Hernández 0-0: Ball
1-0: Ball
2-0: Foul Ball, location: 2F
2-1: Ball
3-1: Base on Balls
Batting: RHB Henry Mann 0-0: Ball
1-0: Ball
2-0: Called Strike
2-1: Called Strike
2-2: Ball
3-2: Foul Ball, location: 2F
3-2: Base on Balls
Javier Hernández to second
Batting: RHB Vincente Fuentes 0-0: SINGLE (Line Drive, 3)
Javier Hernández to third
Henry Mann to second
Runner from 3rd tries for Home, throw and OUT!
Henry Mann to third
Vincente Fuentes to second
Batting: RHB Warren Martin 0-0: Ground out 5-3 (Groundball, 5S)
Bottom of the 4th over - 0 run(s), 1 hit(s), 0 error(s), 2 left on base; Atlantic City 1 - Ottawa 0
TOP OF THE 5TH
Atlantic City Sonics batting - Pitching for Ottawa Nationals : LHP George Eisenhauer
Batting: LHB Manoo Satyavrat 0-0: Swinging Strike
0-1: Ball
1-1: Ball
2-1: Fly out, F8 (Flyball, 78D)
Batting: RHB Brady Bess 0-0: Ball
1-0: Foul Ball, location: 2F
1-1: Called Strike
1-2: Foul Ball, location: 2F
1-2: Ball
2-2: Ground out 6-3 (Groundball, 6)
Batting: LHB José Rodríguez 0-0: Ball
1-0: Ball
2-0: Called Strike
2-1: Called Strike
2-2: Fly out, F9 (Line Drive, 9)
Top of the 5th over - 0 run(s), 0 hit(s), 0 error(s), 0 left on base; Atlantic City 1 - Ottawa 0
BOTTOM OF THE 5TH
Ottawa Nationals batting - Pitching for Atlantic City Sonics : RHP Elroy Thompkins
Batting: RHB Markus Thompson 0-0: SINGLE (Line Drive, 9S)
Batting: RHB Duane Wills 0-0: Ball
1-0: Bunted foul
1-1: Bunted foul
1-2: Ball
2-2: Foul Ball, location: 2F
2-2: Fly out, F8 (Flyball, 8RS)
Batting: LHB Ruben Yim 0-0: Called Strike
0-1: Ball
Wild Pitch!
Markus Thompson to second
1-1: Ball
2-1: Called Strike
2-2: Ball
3-2: TRIPLE (Line Drive, 9LS)
Markus Thompson scores
Batting: RHB Juan Román 0-0: Ball
1-0: Ball
2-0: Fly out, F4 (Popup, 3D)
Batting: RHB Brandon Carroll 0-0: Called Strike
0-1: Ball
1-1: Ball
2-1: Ball
3-1: Base on Balls
Batting: LHB Javier Hernández 0-0: Swinging Strike
0-1: Foul Ball, location: 2F
0-2: Strikes out swinging
Bottom of the 5th over - 1 run(s), 2 hit(s), 0 error(s), 2 left on base; Atlantic City 1 - Ottawa 1
TOP OF THE 6TH
Atlantic City Sonics batting - Pitching for Ottawa Nationals : LHP George Eisenhauer
Batting: RHB Felipe Bruno 0-0: Foul Ball, location: 2F
0-1: Foul Ball, location: 2F
0-2: Ball
1-2: Ball
2-2: DOUBLE (Line Drive, 8LXD)
Batting: SHB Phil Moore 0-0: Intentional Walk
Batting: SHB Sam Quint 0-0: Sac Bunt - play at first, batter OUT! 1-3
Felipe Bruno to third
Phil Moore to second
Batting: RHB Kent Summey 0-0: Ball
1-0: Called Strike
1-1: Swinging Strike
1-2: Ball
2-2: Strikes out swinging
Batting: RHB Senior Pond 0-0: Swinging Strike
0-1: Called Strike
0-2: Ball
1-2: Ball
2-2: Strikes out swinging
Top of the 6th over - 0 run(s), 1 hit(s), 0 error(s), 2 left on base; Atlantic City 1 - Ottawa 1
BOTTOM OF THE 6TH
Ottawa Nationals batting - Pitching for Atlantic City Sonics : RHP Elroy Thompkins
Batting: RHB Henry Mann 0-0: Ground out 5-3 (Groundball, 56)
Batting: RHB Vincente Fuentes 0-0: Ball
1-0: SINGLE (Flyball, 89S)
Batting: RHB Warren Martin 0-0: Foul Ball, location: 2F
0-1: Grounds into double play, 6-4-3 (Groundball, 6)
Bottom of the 6th over - 0 run(s), 1 hit(s), 0 error(s), 0 left on base; Atlantic City 1 - Ottawa 1
TOP OF THE 7TH
Atlantic City Sonics batting - Pitching for Ottawa Nationals : LHP George Eisenhauer
Pinch Hitting: RHB Nelson Torez 0-0: Ball
1-0: Ball
2-0: Ball
3-0: Called Strike
3-1: Base on Balls
Batting: LHB Manoo Satyavrat 0-0: Fielders Choice at 2nd, 1-6 (Groundball, 13)
Pitching: RHP Dave Wheeler
Batting: RHB Brady Bess 0-0: Ball
1-0: Called Strike
1-1: Ball
Manoo Satyavrat is caught stealing 2nd base
2-1: Foul Ball, location: 2F
2-2: Ball
3-2: Strikes out looking
Top of the 7th over - 0 run(s), 0 hit(s), 0 error(s), 0 left on base; Atlantic City 1 - Ottawa 1
BOTTOM OF THE 7TH
Ottawa Nationals batting - Pitching for Atlantic City Sonics : RHP Elroy Thompkins
Now at 2B: Jorge Figueroa
Pinch Hitting: LHB Jim Unknown 0-0: Ball
1-0: Foul Ball, location: 2F
1-1: Called Strike
1-2: Fly out, F4 (Popup, 4M)
Batting: RHB Duane Wills 0-0: Ground out U3 (Groundball, 3)
Batting: LHB Ruben Yim 0-0: Called Strike
0-1: Ball
1-1: Ball
2-1: Ball
3-1: Base on Balls
Batting: RHB Juan Román 0-0: Fly out, F7 (Flyball, 7LSF)
Bottom of the 7th over - 0 run(s), 0 hit(s), 0 error(s), 1 left on base; Atlantic City 1 - Ottawa 1
TOP OF THE 8TH
Atlantic City Sonics batting - Pitching for Ottawa Nationals : RHP Dave Wheeler
Now at 1B: Jim Unknown
Batting: LHB José Rodríguez 0-0: Ball
1-0: Ball
2-0: Called Strike
2-1: Swinging Strike
2-2: Foul Ball, location: 2F
2-2: Fly out, F7 (Line Drive, 7S)
Batting: RHB Felipe Bruno 0-0: Ball
1-0: SINGLE (Flyball, 4D)
Batting: SHB Phil Moore 0-0: Called Strike
0-1: Ball
1-1: Fielders Choice at 2nd, 5-4 (Groundball, 56)
Batting: SHB Sam Quint 0-0: Foul Ball, location: 2F
0-1: Called Strike
0-2: Fly out, F7 (Flyball, 7S)
Top of the 8th over - 0 run(s), 1 hit(s), 0 error(s), 1 left on base; Atlantic City 1 - Ottawa 1
BOTTOM OF THE 8TH
Ottawa Nationals batting - Pitching for Atlantic City Sonics : RHP Elroy Thompkins
Batting: RHB Brandon Carroll 0-0: Ground out 6-3 (Groundball, 56)
Batting: LHB Javier Hernández 0-0: Called Strike
0-1: Swinging Strike
0-2: Foul Ball, location: 2F
0-2: Ball
1-2: Ball
2-2: Foul Ball, location: 2F
2-2: Strikes out looking
Batting: RHB Henry Mann 0-0: Called Strike
0-1: Ball
1-1: Ball
2-1: Foul Ball, location: 2F
2-2: Ground out 6-3 (Groundball, 6)
Bottom of the 8th over - 0 run(s), 0 hit(s), 0 error(s), 0 left on base; Atlantic City 1 - Ottawa 1
TOP OF THE 9TH
Atlantic City Sonics batting - Pitching for Ottawa Nationals : RHP Dave Wheeler
Pitching: RHP Rafael Peralta
Pinch Hitting: LHB Todd Blankenburg 0-0: Called Strike
0-1: Ball
1-1: Ball
2-1: Ground out 6-3 (Groundball, 6)
Batting: RHB Senior Pond 0-0: Ball
1-0: Swinging Strike
1-1: Ball
2-1: Ground out 6-3 (Groundball, 6)
Pinch Hitting: RHB Gianpaolo Monachino 0-0: Ball
1-0: Foul Ball, location: 2F
1-1: Called Strike
1-2: SINGLE (Groundball, 6D)
Batting: LHB Manoo Satyavrat 0-0: Called Strike
0-1: Ball
1-1: Fly out, F8 (Line Drive, 8LD)
Top of the 9th over - 0 run(s), 1 hit(s), 0 error(s), 1 left on base; Atlantic City 1 - Ottawa 1
BOTTOM OF THE 9TH
Ottawa Nationals batting - Pitching for Atlantic City Sonics : RHP Elroy Thompkins
Pitching: RHP Apollo Cepeda
Now at 2B: Salvador Avilés
Now in RF: Todd Blankenburg
Batting: RHB Vincente Fuentes 0-0: Ball
1-0: Ball
2-0: Called Strike
2-1: Ball
3-1: Base on Balls
Pinch Runner at 1st Eduardo Morales:
Pinch Hitting: RHB Louis Espinosa 0-0: Bunted foul
0-1: Ball
1-1: Sac Bunt - play at first, batter OUT! 1-4
Eduardo Morales to second
Batting: LHB Jim Unknown 0-0: Intentional Walk
Batting: RHB Duane Wills 0-0: Foul Ball, location: 2F
0-1: Grounds into double play, 4-6-3 (Groundball, 4)
Bottom of the 9th over - 0 run(s), 0 hit(s), 0 error(s), 1 left on base; Atlantic City 1 - Ottawa 1
TOP OF THE 10TH
Atlantic City Sonics batting - Pitching for Ottawa Nationals : RHP Rafael Peralta
Now at SS: Howard Fewell
Now in LF: Eduardo Morales
Batting: RHB Brady Bess 0-0: Ball
1-0: Ball
2-0: Fly out, F8 (Flyball, 8RS)
Batting: LHB José Rodríguez 0-0: Ball
1-0: Ball
2-0: Ball
3-0: Base on Balls
Batting: RHB Felipe Bruno 0-0: Ball
1-0: Swinging Strike
1-1: Foul Ball, location: 2F
1-2: Ball
2-2: Fly out, F9 (Flyball, 9S)
Batting: SHB Phil Moore 0-0: Fly out, F8 (Line Drive, 78M)
Top of the 10th over - 0 run(s), 0 hit(s), 0 error(s), 1 left on base; Atlantic City 1 - Ottawa 1
BOTTOM OF THE 10TH
Ottawa Nationals batting - Pitching for Atlantic City Sonics : RHP Apollo Cepeda
Batting: LHB Ruben Yim 0-0: Ball
1-0: Called Strike
1-1: Called Strike
1-2: Strikes out swinging
Batting: RHB Juan Román 0-0: Ball
1-0: Ball
2-0: Foul Ball, location: 2F
2-1: Ball
3-1: SINGLE (Groundball, 34D)
Batting: RHB Brandon Carroll 0-0: Ball
1-0: Ball
2-0: Called Strike
2-1: Foul Ball, location: 2F
2-2: Fly out, F7 (Flyball, 78D)
Batting: LHB Javier Hernández 0-0: Called Strike
0-1: Called Strike
0-2: Fly out, F7 (Flyball, 7LSF)
Bottom of the 10th over - 0 run(s), 1 hit(s), 0 error(s), 1 left on base; Atlantic City 1 - Ottawa 1
TOP OF THE 11TH
Atlantic City Sonics batting - Pitching for Ottawa Nationals : RHP Rafael Peralta
Pitching: RHP Norberto Flores
Batting: SHB Sam Quint 0-0: SINGLE (Flyball, 89S)
Batting: LHB Todd Blankenburg 0-0: Fielders Choice at 2nd, 1-6 (Groundball, 13)
Batting: RHB Senior Pond 0-0: Ball
1-0: Fly out, F8 (Flyball, 8RM)
Batting: LHB Salvador Avilés 0-0: Ball
1-0: Called Strike
1-1: Ball
Todd Blankenburg is caught stealing 2nd base
Top of the 11th over - 0 run(s), 1 hit(s), 0 error(s), 0 left on base; Atlantic City 1 - Ottawa 1
BOTTOM OF THE 11TH
Ottawa Nationals batting - Pitching for Atlantic City Sonics : RHP Apollo Cepeda
Pitching: LHP Brian Brewer
Batting: RHB Henry Mann 0-0: Ball
1-0: Swinging Strike
1-1: Ball
2-1: Fly out, F7 (Line Drive, 78M)
Pinch Hitting: RHB Michael Peterson 0-0: Ball
1-0: Foul Ball, location: 2F
1-1: SINGLE (Groundball, 56S) (infield hit)
Batting: RHB Howard Fewell 0-0: Ball
1-0: Foul Ball, location: 2F
1-1: Ball
2-1: Fly out, F9 (Flyball, 9S)
Pinch Hitting: SHB Jim Unknown 0-0: Swinging Strike
0-1: Ball
1-1: Swinging Strike
1-2: Ball
Balk!
Michael Peterson to second
2-2: Foul Ball, location: 2F
2-2: Foul Ball, location: 2F
2-2: Strikes out swinging, 2-3 out at first.
Bottom of the 11th over - 0 run(s), 1 hit(s), 0 error(s), 1 left on base; Atlantic City 1 - Ottawa 1
TOP OF THE 12TH
Atlantic City Sonics batting - Pitching for Ottawa Nationals : RHP Norberto Flores
Now at 2B: Jim Unknown
Now in LF: Michael Peterson
Batting: LHB Salvador Avilés 0-0: Fly out, F8 (Flyball, 8LM)
Batting: LHB Manoo Satyavrat 0-0: Called Strike
0-1: Swinging Strike
0-2: Ball
1-2: Strikes out swinging
Batting: RHB Brady Bess 0-0: Ball
1-0: SINGLE (Groundball, 56D)
Batting: LHB José Rodríguez 0-0: Called Strike
0-1: Ball
1-1: Fly out, F5 (Popup, 56)
Top of the 12th over - 0 run(s), 1 hit(s), 0 error(s), 1 left on base; Atlantic City 1 - Ottawa 1
BOTTOM OF THE 12TH
Ottawa Nationals batting - Pitching for Atlantic City Sonics : LHP Brian Brewer
Batting: RHB Duane Wills 0-0: Called Strike
0-1: Ball
1-1: Fly out, F7 (Flyball, 7)
Batting: LHB Ruben Yim 0-0: Ball
1-0: Foul Ball, location: 2F
1-1: Foul Ball, location: 2F
1-2: Foul Ball, location: 2F
1-2: Foul Ball, location: 2F
1-2: SOLO HOME RUN (Flyball, 9D), Distance : 389 ft
Monday, March 20th, 2017 - OOTP Baseball 17.12 Build 75